 Dungeon Crawl Stone Soup version 0.30-a0-174-gbc10bd73c2 (webtiles) character file.

Game seed: 13820173852218168405

32210 qw the Cleaver (level 13, -3/82 HPs)
             Began as a Gargoyle Fighter on Oct 1, 2022.
             Was a High Priest of Okawaru.
             Slain by an eight-headed hydra (11 damage)
             ... on level 5 of the Lair of Beasts.
             The game lasted 00:05:04 (10821 turns).

qw the Cleaver (Gargoyle Fighter)                  Turns: 10821, Time: 00:05:04

Health: -3/82      AC: 47    Str: 23    XL:     13   Next: 63%
Magic:  15/20      EV: 10    Int: 12    God:    Okawaru [*****.]
Gold:   665        SH:  7    Dex: 13    Spells: 12/12 levels left

rFire   + + .      SeeInvis .    a - +0 club
rCold   + . .      Faith    .    c - +0 buckler
rNeg    + . .      Spirit   .    x - +8 plate armour of the Snail {Dex+4}
rPois   inf        Reflect  .    l - +2 hat {Int+3}
rElec   +          Harm     .    b - scarf {rC+ rF+}
rCorr   .          Rampage  .    s - +2 pair of gloves
Will    .....                    o - +2 pair of boots
Stlth   ..........               v - amulet of regeneration
HPRegen 1.13/turn                g - +4 ring of protection
MPRegen 0.17/turn                q - ring of protection from fire

@: heroic, finesse-ful
A: sickness immunity, AC +9, negative energy resistance 1, electricity
resistance, torment resistance 1, petrification resistance, horns 2, weak 1,
noise suppression
a: Renounce Religion, Heroism, Finesse, Duel


You were on level 5 of the Lair of Beasts.
You worshipped Okawaru.
Okawaru was extremely pleased with you.
You visited 3 branches of the dungeon, and saw 14 of its levels.

You collected 901 gold pieces.
You spent 236 gold pieces at shops.


Innate Abilities, Weirdness & Mutations

You are immune to sickness and miasma.
Your stone body is resilient. (AC +9)
You are immune to poison.
You resist negative energy. (rN+)
You are resistant to electric shocks. (rElec)
You are resistant to unholy torment.
You are immune to petrification.
You have a pair of horns on your head.
You are weak. (Str -2)
You passively dampen the noise of your surroundings.


   Skills:
 - Level 10.2(15.2) Fighting
 - Level 14.0(19.0) Axes
 + Level 4.7(9.7) Throwing
 - Level 10.0(15.0) Armour
 - Level 3.0(8.0) Dodging
 - Level 6.7(11.7) Shields
 - Level 10.0 Invocations


You had 12 spell levels left.
You didn't know any spells.
Your spell library was empty.

Inventory:

Hand Weapons
 a - a +0 club (weapon)
 Y - a +2 war axe of protection
Missiles
 h - a silver javelin (quivered)
Armour
 b - a scarf of resistance (worn)
 c - a +0 buckler (worn)
 l - a +2 hat of intelligence (worn)
 m - a +0 cloak
 o - a +2 pair of boots (worn)
 s - a +2 pair of gloves (worn)
 t - +0 acid dragon scales
 x - the +8 plate armour of the Snail (worn) {Dex+4}
   (Okawaru gifted it to you on level 2 of the Lair of Beasts)

   Dex:       It affects your dexterity (+4).
Jewellery
 g - a +4 ring of protection (left hand)
 p - a ring of resist corrosion
 q - a ring of protection from fire (right hand)
 v - an amulet of regeneration (around neck)
Scrolls
 r - 8 scrolls of identify
 z - a scroll of enchant armour
Potions
 d - 4 potions of might
 e - 2 potions of attraction
 f - a potion of resistance
 i - 2 potions of haste
 j - 3 potions of lignification
 k - a potion of mutation
 n - 10 potions of curing

Dungeon Overview and Level Annotations

Branches:
Dungeon (8/15)             Temple (1/1) D:4            Lair (5/5) D:8
  Swamp (0/4) Lair:2       Spider (0/4) Lair:3
  Slime: Lair:4-5

Altars:
Ashenzari
Cheibriados
Dithmenos
Elyvilon
Fedhas
Gozag
Hepliaklqana
Kikubaaqudgha
Makhleb
Nemelex Xobeh
Okawaru
Qazlal
Ru
Sif Muna
Trog
Uskayaw
Vehumet
Wu Jian
Xom
Yredelemnul
Zin
The Shining One

Shops:
D:3 *   D:4 (   D:5 ?   D:6 =[(

Portals:
Volcano: Lair:3


Message History

The eight-headed hydra bites you but does no damage. x3
The eight-headed hydra closely misses you.
The eight-headed hydra bites you but does no damage. x2
The eight-headed hydra bites you!
The eight-headed hydra closely misses you.
The tyrant leech bites you!
You hit the tyrant leech.
The tyrant leech is severely wounded.
The blink frog blinks!
The blink frog hits the plant!!
The plant begins to die.
The blink frog blinks!
You hit the tyrant leech but do no damage.
The tyrant leech is severely wounded.
The blink frog closely misses you.
You closely miss the tyrant leech. You headbutt the tyrant leech!
The tyrant leech is severely wounded.
You closely miss the tyrant leech.
The tyrant leech is severely wounded.
The eight-headed hydra bites you but does no damage. x2
The eight-headed hydra bites you!
The eight-headed hydra bites you but does no damage. x2
You block the eight-headed hydra's attack.
The eight-headed hydra closely misses you.
You block the eight-headed hydra's attack.
The blink frog barely misses you.
You miss the tyrant leech. You headbutt the tyrant leech.
The tyrant leech is almost dead.
You block the tyrant leech's attack.
You closely miss the tyrant leech.
The tyrant leech is almost dead.
You hit the tyrant leech.
The tyrant leech is almost dead.
The blink frog blinks!
The eight-headed hydra bites you but does no damage. x2
The eight-headed hydra closely misses you.
The eight-headed hydra bites you.
The eight-headed hydra closely misses you.
The eight-headed hydra bites you but does no damage.
The eight-headed hydra closely misses you.
The eight-headed hydra bites you!
You die...

..............
.............. )###
.............. ~P..#####
.............
P~...P.~###............
~~~~F~~................
~~~~~~~~~..............
~~~~~~F~~~..P..........
~~~~~P~@~~~......).....
##~~~~wD¤(~.............
~~~~~~~~~P~~............
~~P~~~~~~~~~............
.P~~~~~~~~~~............
P.~~~~~~~~~~............
PP.~~~~~~~~.............
¤P~~~~~~~~~.............
P.~~~~~~~~.P...........


You could see an eight-headed hydra, a tyrant leech and 2 blink frogs.

Vanquished Creatures
  Gastronok (D:8)
  2 hydras
  2 centaur warriors (D:8)
  4 death yaks (Lair:4)
  A swamp dragon (Lair:2)
  A necromancer (Lair:4)
  2 ugly things (D:8)
  A cyclops (D:7)
  15 elephants
  2 black mambas
  Joseph (D:8)
  6 cane toads
  A rime drake (Lair:1)
  Maggie (D:8)
  4 komodo dragons
  A queen bee (Lair:2)
  A polar bear (Lair:4)
  A slime creature (Lair:4)
  8 blink frogs
  3 wyverns
  Sigmund (D:3)
  36 yaks
  2 basilisks (Lair:3)
  A vampire mosquito (Lair:5)
  Edmund (D:5)
  15 water moccasins
  An ice beast (D:6)
  4 sky beasts
  2 elephant zombies (Lair:4)
  16 wolves
  A centaur (D:5)
  4 phantoms
  Blork the orc (D:5)
  A komodo dragon zombie (Lair:4)
  11 bullfrogs
  2 scorpions (D:5)
  2 necrophages
  A wight (D:7)
  23 killer bees (Lair:2)
  3 electric eels
  A howler monkey (D:6)
  2 orc priests (D:8)
  5 hounds
  5 iguanas
  Ijyb (D:5)
  3 orc wizards
  9 gnolls
  8 adders
  2 shadow imps
  3 white imps
  3 ufetubi
  A worm (D:2)
  2 dart slugs
  19 orcs
  7 endoplasms
  4 giant cockroaches
  4 goblins
  5 hobgoblins
  A quokka (D:1)
  7 ball pythons
  5 bats
  2 frilled lizards
  7 kobolds
  6 rats
298 creatures vanquished.

Vanquished Creatures (others)
  23 fungi
  25 plants
48 creatures vanquished.

Grand Total: 346 creatures vanquished

Notes
Turn   | Place    | Note
-------+----------+-------------------------------------------
     0 | D:1      | qw the Gargoyle Fighter began the quest for the Orb.
     0 | D:1      | Reached XP level 1. HP: 14/14 MP: 1/1
     0 | D:1      | 0 ||| qw: Version: 0.2-a-13-gfc7b4b4
     0 | D:1      | 0 ||| qw: Game counter: 1911
     0 | D:1      | 0 ||| qw: Always use a shield: true
     0 | D:1      | 0 ||| qw: God list: Okawaru
     0 | D:1      | 0 ||| qw: Allow faded altars: false
     0 | D:1      | 0 ||| qw: Do Orc after D:15 true
     0 | D:1      | 0 ||| qw: Do second Lair branch before Depths: true
     0 | D:1      | 0 ||| qw: Lair rune preference: random
     0 | D:1      | 0 ||| qw: Plans: Normal, Zot:1-4, God:TSO, Crypt, Tomb,
                  | Pan, Slime:5, Hells, Abyss, Orb
     0 | D:1      | 0 ||| PLANNING D:1-11
    39 | D:1      | Reached skill level 2 in Axes
    96 | D:1      | 96 ||| DROPPING +0 club.
   340 | D:1      | Reached XP level 2. HP: 19/19 MP: 2/2
   423 | D:1      | Found a faded altar of an unknown god.
   543 | D:1      | 543 ||| DROPPING amulet of faith.
   544 | D:1      | 544 ||| UPGRADING to ring of resist corrosion.
   545 | D:1      | 545 ||| UPGRADING to ring of protection from fire.
   546 | D:1      | 546 ||| READING scroll labelled LULLUIZUFF.
   547 | D:1      | 547 ||| READING scroll labelled LOANUOV DEJOD.
   548 | D:1      | 548 ||| READING scroll labelled XAYW SIBLIMIRO.
   549 | D:1      | 549 ||| READING scroll labelled XEURI SUIM IJYM.
   550 | D:1      | 550 ||| READING scroll labelled FANGOL CILUH.
   551 | D:1      | 551 ||| READING scroll labelled ANTEUROTORR.
   567 | D:2      | 567 ||| STAIRDANCE
   590 | D:2      | 590 ||| STAIRDANCE
   701 | D:2      | Reached skill level 3 in Axes
   717 | D:2      | Identified the +1 robe "Wonouzxe" {rC++ Str+2}
   741 | D:2      | Reached XP level 3. HP: 23/23 MP: 3/3
  1081 | D:2      | 1081 ||| Stepping ~*~*~tactically~*~*~ (stealth).
  1086 | D:2      | Reached XP level 4. HP: 28/28 MP: 4/4
  1218 | D:2      | 1218 ||| READING scroll labelled HAOGIHI JUYC.
  1219 | D:2      | 1219 ||| READING scroll labelled SUYCUC BIETSI.
  1220 | D:2      | 1220 ||| DROPPING +0 mace.
  1221 | D:2      | 1221 ||| DRINKING 2 amethyst potions.
  1221 | D:2      | Gained mutation: You have a pair of small horns on your
                  | head. [potion of mutation]
  1221 | D:2      | Gained mutation: You are weak. (Str -2) [potion of
                  | mutation]
  1221 | D:2      | Gained mutation: You have hidden genetic potential. [potion
                  | of mutation]
  1345 | D:3      | Reached skill level 1 in Throwing
  1352 | D:3      | Reached skill level 4 in Axes
  1440 | D:3      | Found Naeneosch's Assorted Antiques.
  1448 | D:3      | 1448 ||| SHOPLISTING ancient plate armour (728 gold, have
                  | 131).
  1448 | D:3      | 1448 ||| BUYING fuming golden potion (23 gold).
  1448 | D:3      | Bought a fuming golden potion for 23 gold pieces
  1448 | D:3      | 1448 ||| BUYING ruby potion (23 gold).
  1448 | D:3      | Bought a ruby potion for 23 gold pieces
  1448 | D:3      | 1448 ||| BUYING scroll labelled QIGURA IRITIO (26 gold).
  1448 | D:3      | Bought a scroll labelled QIGURA IRITIO for 26 gold pieces
  1448 | D:3      | 1448 ||| BUYING scroll of identify (52 gold).
  1448 | D:3      | Bought a scroll of identify for 52 gold pieces
  1537 | D:3      | Reached XP level 5. HP: 32/32 MP: 5/5
  1603 | D:3      | 1603 ||| READING scroll of enchant weapon.
  1603 | D:3      | 1603 ||| ENCHANTING +1 war axe of flaming.
  1750 | D:3      | Noticed Sigmund
  1751 | D:3      | 1751 ||| Stepping ~*~*~tactically~*~*~ (hiding).
  1759 | D:3      | Killed Sigmund
  1760 | D:3      | Reached skill level 5 in Axes
  1760 | D:3      | Reached XP level 6. HP: 30/37 MP: 6/6
  1778 | D:3      | Gained mutation: You passively dampen the noise of your
                  | surroundings. [hidden potential]
  1912 | D:3      | 1912 ||| UPGRADING to +0 pair of gloves.
  1917 | D:3      | 1917 ||| UPGRADING to +4 ring of protection.
  1919 | D:3      | 1919 ||| READING scroll labelled QIGURA IRITIO.
  1945 | D:3      | 1945 ||| DRINKING 2 cyan potions.
  1946 | D:3      | 1946 ||| READING 3 scrolls of identify.
  1946 | D:3      | 1946 ||| IDENTIFYING fuming brown potion
  1947 | D:3      | 1947 ||| READING 2 scrolls of identify.
  1947 | D:3      | 1947 ||| IDENTIFYING bubbling sapphire potion
  1948 | D:3      | 1948 ||| DROPPING potion of degeneration.
  1949 | D:3      | 1949 ||| DROPPING potion of flight.
  1982 | D:4      | 1982 ||| Stepping ~*~*~tactically~*~*~ (stealth).
  1993 | D:4      | 1993 ||| Stepping ~*~*~tactically~*~*~ (stealth).
  1994 | D:4      | 1994 ||| Stepping ~*~*~tactically~*~*~ (stealth).
  1995 | D:4      | 1995 ||| Stepping ~*~*~tactically~*~*~ (stealth).
  2001 | D:4      | Found a staircase to the Ecumenical Temple.
  2002 | D:4      | 2002 ||| PLANNING TEMPLE
  2002 | D:4      | 2002 ||| FLEEEEING.
  2003 | D:4      | 2003 ||| FLEEEEING.
  2004 | D:4      | 2004 ||| FLEEEEING.
  2005 | D:4      | 2005 ||| FLEEEEING.
  2009 | D:4      | 2009 ||| FLEEEEING.
  2013 | D:4      | 2013 ||| STAIRDANCE
  2018 | D:4      | 2018 ||| FLEEEEING.
  2019 | D:4      | 2019 ||| STAIRDANCE
  2024 | D:4      | 2024 ||| STAIRDANCE
  2046 | Temple   | Entered the Ecumenical Temple
  2049 | Temple   | 2049 ||| PLANNING OKAWARU WORSHIP
  2207 | Temple   | Became a worshipper of Warmaster Okawaru
  2208 | Temple   | 2208 ||| PLANNING D:1-11
  2306 | D:4      | Found Vilif's Antique Weapon Shop.
  2333 | D:4      | 2333 ||| Stepping ~*~*~tactically~*~*~ (stealth).
  2334 | D:4      | 2334 ||| Stepping ~*~*~tactically~*~*~ (stealth).
  2369 | D:4      | 2369 ||| Stepping ~*~*~tactically~*~*~ (hiding).
  2771 | D:4      | Reached skill level 1 in Dodging
  2912 | D:4      | 2912 ||| UPGRADING to +0 cloak.
  2917 | D:4      | 2917 ||| DROPPING orb of mayhem.
  2918 | D:4      | 2918 ||| READING scroll labelled PYIVOXEICEX.
  2919 | D:4      | 2919 ||| STAIRDANCE
  2921 | D:3      | 2921 ||| DRINKING 2 fuming golden potions.
  2922 | D:3      | 2922 ||| DRINKING 2 ruby potions.
  2923 | D:3      | 2923 ||| READING 3 scrolls of identify.
  2923 | D:3      | 2923 ||| IDENTIFYING grey potion
  2924 | D:3      | 2924 ||| READING 2 scrolls of identify.
  2924 | D:3      | 2924 ||| IDENTIFYING murky brown potion
  2957 | D:5      | Entered Level 5 of the Dungeon
  2958 | D:5      | 2958 ||| Stepping ~*~*~tactically~*~*~ (hiding).
  2960 | D:5      | 2960 ||| Stepping ~*~*~tactically~*~*~ (hiding).
  2964 | D:5      | 2964 ||| FLEEEEING.
  2965 | D:5      | 2965 ||| FLEEEEING.
  2966 | D:5      | 2966 ||| FLEEEEING.
  2967 | D:5      | 2967 ||| STAIRDANCE
  3022 | D:5      | Reached skill level 6 in Axes
  3022 | D:5      | Reached XP level 7. HP: 43/43 MP: 7/7
  3035 | D:5      | Gained mutation: You have a pair of horns on your head.
                  | [hidden potential]
  3035 | D:5      | Lost mutation: You have hidden genetic potential. [hidden
                  | potential expressed]
  3074 | D:5      | Found Ylediw's Magic Scroll Boutique.
  3082 | D:5      | 3082 ||| BUYING scroll of enchant armour (112 gold).
  3082 | D:5      | Bought a scroll of enchant armour for 112 gold pieces
  3082 | D:5      | 3082 ||| SHOPLISTING scroll of identify (30 gold, have 1).
  3082 | D:5      | 3082 ||| SHOPLISTING scroll of teleportation (45 gold, have
                  | 1).
  3082 | D:5      | 3082 ||| READING scroll of enchant armour.
  3082 | D:5      | 3082 ||| ENCHANTING +0 pair of gloves.
  3131 | D:5      | Reached * piety under Okawaru
  3172 | D:5      | Reached skill level 1 in Invocations
  3281 | D:5      | Found a radiant altar of Vehumet.
  3290 | D:5      | Reached skill level 7 in Axes
  3355 | D:5      | Noticed Blork the orc
  3356 | D:5      | 3356 ||| Stepping ~*~*~tactically~*~*~ (hiding).
  3361 | D:5      | 3361 ||| INVOKING Heroism.
  3366 | D:5      | Killed Blork the orc
  3367 | D:5      | Reached XP level 8. HP: 43/48 MP: 6/10
  3408 | D:5      | Noticed Ijyb
  3409 | D:5      | 3409 ||| FLEEEEING.
  3415 | D:5      | 3415 ||| FLEEEEING.
  3416 | D:5      | 3416 ||| FLEEEEING.
  3417 | D:5      | 3417 ||| FLEEEEING.
  3418 | D:5      | 3418 ||| FLEEEEING.
  3419 | D:5      | 3419 ||| FLEEEEING.
  3429 | D:5      | 3429 ||| FLEEEEING.
  3443 | D:5      | 3443 ||| Stepping ~*~*~tactically~*~*~ (hiding).
  3446 | D:5      | 3446 ||| INVOKING Heroism.
  3450 | D:5      | Killed Ijyb
  3451 | D:5      | Reached skill level 3 in Invocations
  3555 | D:5      | 3555 ||| Stepping ~*~*~tactically~*~*~ (stealth).
  3560 | D:5      | Reached ** piety under Okawaru
  3609 | D:5      | 3609 ||| INVOKING Heroism.
  3876 | D:5      | Noticed Edmund
  3877 | D:5      | 3877 ||| INVOKING Heroism.
  3885 | D:5      | Killed Edmund
  3977 | D:5      | 3977 ||| UPGRADING to +0 chain mail.
  3987 | D:5      | 3987 ||| DROPPING +0 scale mail.
  3988 | D:5      | 3988 ||| UPGRADING to amulet of regeneration.
  3993 | D:5      | 3993 ||| READING 3 scrolls labelled JAURUYNGOH.
  3994 | D:5      | 3994 ||| READING scroll labelled USHIHIE DAAPU.
  3995 | D:5      | 3995 ||| DROPPING 2 scrolls of noise.
  4133 | D:6      | Found Pimyt's Jewellery Shoppe.
  4133 | D:6      | Found Reitaun's Armour Boutique.
  4137 | D:6      | 4137 ||| SHOPLISTING ring of fire (250 gold, have 89).
  4137 | D:6      | 4137 ||| SHOPLISTING ring of resist corrosion (200 gold,
                  | have 89).
  4164 | D:6      | 4164 ||| SHOPLISTING +2 pair of boots (198 gold, have 89).
  4164 | D:6      | 4164 ||| SHOPLISTING scarf of resistance (384 gold, have
                  | 89).
  4175 | D:6      | 4175 ||| Stepping ~*~*~tactically~*~*~ (hiding).
  4177 | D:6      | 4177 ||| Stepping ~*~*~tactically~*~*~ (hiding).
  4178 | D:6      | 4178 ||| Stepping ~*~*~tactically~*~*~ (hiding).
  4195 | D:6      | 4195 ||| INVOKING Heroism.
  4196 | D:6      | 4196 ||| Stepping ~*~*~tactically~*~*~ (water).
  4199 | D:6      | Reached skill level 8 in Axes
  4391 | D:6      | Reached skill level 6 in Fighting
  4421 | D:6      | Reached XP level 9. HP: 55/55 MP: 12/12
  4594 | D:6      | 4594 ||| Stepping ~*~*~tactically~*~*~ (hiding).
  4752 | D:6      | 4752 ||| Stepping ~*~*~tactically~*~*~ (hiding).
  4754 | D:6      | 4754 ||| Stepping ~*~*~tactically~*~*~ (hiding).
  5072 | D:6      | Found Genwely's Antique Weapon Boutique.
  5080 | D:6      | 5080 ||| SHOPLISTING dazzling war axe (255 gold, have 126).
  5143 | D:6      | 5143 ||| Stepping ~*~*~tactically~*~*~ (stealth).
  5144 | D:6      | 5144 ||| Stepping ~*~*~tactically~*~*~ (stealth).
  5146 | D:6      | 5146 ||| Stepping ~*~*~tactically~*~*~ (stealth).
  5148 | D:6      | 5148 ||| INVOKING Heroism.
  5149 | D:6      | 5149 ||| Stepping ~*~*~tactically~*~*~ (stealth).
  5155 | D:6      | Reached skill level 9 in Axes
  5155 | D:6      | 5155 ||| Stepping ~*~*~tactically~*~*~ (stealth).
  5157 | D:6      | Reached *** piety under Okawaru
  5158 | D:6      | 5158 ||| Stepping ~*~*~tactically~*~*~ (stealth).
  5161 | D:6      | 5161 ||| INVOKING Heroism.
  5204 | D:6      | 5204 ||| UPGRADING to scarf of resistance.
  5277 | D:7      | 5277 ||| INVOKING Heroism.
  5319 | D:7      | 5319 ||| READING scroll of enchant armour.
  5319 | D:7      | 5319 ||| ENCHANTING +1 pair of gloves.
  5340 | D:7      | Noticed a cyclops
  5341 | D:7      | 5341 ||| INVOKING Heroism.
  5344 | D:7      | 5344 ||| Stepping ~*~*~tactically~*~*~ (stealth).
  5345 | D:7      | 5345 ||| Stepping ~*~*~tactically~*~*~ (stealth).
  5348 | D:7      | Killed a cyclops
  5348 | D:7      | Reached **** piety under Okawaru
  5349 | D:7      | Reached XP level 10. HP: 34/63 MP: 11/13
  5389 | D:7      | 5389 ||| Stepping ~*~*~tactically~*~*~ (hiding).
  5524 | D:7      | Found a blossoming altar of Fedhas.
  5534 | D:7      | Reached skill level 10 in Axes
  5576 | D:7      | 5576 ||| INVOKING Heroism.
  5629 | D:7      | 5629 ||| Stepping ~*~*~tactically~*~*~ (stealth).
  5637 | D:7      | 5637 ||| Stepping ~*~*~tactically~*~*~ (stealth).
  5664 | D:7      | Found a basalt altar of Yredelemnul.
  5664 | D:7      | Found a burning altar of Makhleb.
  5963 | D:7      | 5963 ||| UPGRADING to +0 pair of boots.
  5968 | D:7      | 5968 ||| READING scroll labelled SOTHIL IHAO.
  5969 | D:7      | 5969 ||| READING scroll labelled KUXOFAUHISS.
  5970 | D:7      | 5970 ||| READING scroll labelled UGHOCZ YKKITOH.
  5971 | D:7      | 5971 ||| READING 5 scrolls of identify.
  5971 | D:7      | 5971 ||| IDENTIFYING fuming ruby potion
  5972 | D:7      | 5972 ||| READING 4 scrolls of identify.
  5972 | D:7      | 5972 ||| IDENTIFYING sapphire potion
  5973 | D:7      | 5973 ||| DROPPING potion of berserk rage.
  5974 | D:7      | 5974 ||| DROPPING potion of brilliance.
  6019 | D:8      | Noticed Gastronok
  6020 | D:8      | 6020 ||| Stepping ~*~*~tactically~*~*~ (hiding).
  6025 | D:8      | 6025 ||| Stepping ~*~*~tactically~*~*~ (hiding).
  6033 | D:8      | 6033 ||| INVOKING Heroism.
  6048 | D:8      | Killed Gastronok
  6049 | D:8      | Reached skill level 6 in Invocations
  6147 | D:8      | Noticed Maggie
  6165 | D:8      | Killed Maggie
  6165 | D:8      | Reached ***** piety under Okawaru
  6232 | D:8      | Noticed a brown ugly thing
  6232 | D:8      | Noticed a red ugly thing
  6233 | D:8      | 6233 ||| UPGRADING to +2 hat of intelligence.
  6254 | D:8      | Killed a red ugly thing
  6256 | D:8      | 6256 ||| DRINKING 2 coppery potions.
  6257 | D:8      | 6257 ||| READING 2 scrolls of teleportation.
  6341 | D:8      | 6341 ||| READING 3 scrolls of enchant armour.
  6341 | D:8      | 6341 ||| ENCHANTING +0 pair of boots.
  6342 | D:8      | 6342 ||| READING 2 scrolls of enchant armour.
  6342 | D:8      | 6342 ||| ENCHANTING +1 pair of boots.
  6403 | D:8      | Noticed Joseph
  6406 | D:8      | Found a staircase to the Lair.
  6410 | D:8      | Killed Joseph
  6410 | D:8      | Received a gift from Okawaru
  6437 | D:8      | Killed a brown ugly thing
  6459 | D:8      | Noticed a centaur warrior
  6463 | D:8      | 6463 ||| INVOKING Heroism.
  6464 | D:8      | Noticed a centaur warrior
  6474 | D:8      | Killed a centaur warrior
  6475 | D:8      | Reached skill level 3 in Throwing
  6475 | D:8      | Reached XP level 11. HP: 40/69 MP: 14/17
  6502 | D:8      | 6502 ||| DROPPING +6 ring of intelligence.
  6503 | D:8      | 6503 ||| READING scroll of teleportation.
  6666 | D:8      | Killed a centaur warrior
  6666 | D:8      | Received a gift from Okawaru
  6667 | D:8      | Reached skill level 6 in Armour
  6696 | D:8      | Found a white marble altar of Elyvilon.
  6783 | D:8      | 6783 ||| Stepping ~*~*~tactically~*~*~ (hiding).
  6940 | D:8      | 6940 ||| PLANNING LAIR
  6940 | D:8      | 6940 ||| DROPPING scarf of resistance.
  6975 | Lair:1   | Entered Level 1 of the Lair of Beasts
  6997 | Lair:1   | 6997 ||| INVOKING Heroism.
  7030 | Lair:1   | 7030 ||| Stepping ~*~*~tactically~*~*~ (stealth).
  7031 | Lair:1   | 7031 ||| Stepping ~*~*~tactically~*~*~ (stealth).
  7032 | Lair:1   | 7032 ||| Stepping ~*~*~tactically~*~*~ (stealth).
  7033 | Lair:1   | 7033 ||| Stepping ~*~*~tactically~*~*~ (stealth).
  7053 | Lair:1   | 7053 ||| Stepping ~*~*~tactically~*~*~ (stealth).
  7067 | Lair:1   | Reached skill level 9 in Invocations
  7174 | Lair:1   | 7174 ||| Stepping ~*~*~tactically~*~*~ (hiding).
  7496 | Lair:1   | 7496 ||| INVOKING Heroism.
  7817 | Lair:2   | Noticed a swamp dragon
  7818 | Lair:2   | Found a staircase to the Swamp.
  7820 | Lair:2   | 7820 ||| INVOKING Heroism.
  7834 | Lair:2   | Killed a swamp dragon
  7862 | Lair:2   | Reached skill level 11 in Axes
  7890 | Lair:2   | 7890 ||| Stepping ~*~*~tactically~*~*~ (stealth).
  7893 | Lair:2   | 7893 ||| Stepping ~*~*~tactically~*~*~ (stealth).
  7937 | Lair:2   | 7937 ||| Stepping ~*~*~tactically~*~*~ (stealth).
  7938 | Lair:2   | 7938 ||| INVOKING Heroism.
  7943 | Lair:2   | Reached skill level 9 in Fighting
  7943 | Lair:2   | 7943 ||| Stepping ~*~*~tactically~*~*~ (stealth).
  7957 | Lair:2   | Identified the +8 plate armour of the Snail {Dex+4}
                  | (Okawaru gifted it to you on level 2 of the Lair of Beasts)
  7957 | Lair:2   | Received a gift from Okawaru
  7968 | Lair:2   | 7968 ||| INVOKING Heroism.
  7979 | Lair:2   | 7979 ||| Stepping ~*~*~tactically~*~*~ (stealth).
  7993 | Lair:2   | 7993 ||| INVOKING Heroism.
  8038 | Lair:2   | 8038 ||| INVOKING Heroism.
  8144 | Lair:2   | Noticed a seven-headed hydra
  8145 | Lair:2   | 8145 ||| INVOKING Heroism.
  8151 | Lair:2   | Killed a three-headed hydra
  8152 | Lair:2   | Reached XP level 12. HP: 76/76 MP: 17/19
  8241 | Lair:2   | 8241 ||| Stepping ~*~*~tactically~*~*~ (stealth).
  8263 | Lair:2   | Reached skill level 12 in Axes
  8551 | Lair:2   | 8551 ||| Stepping ~*~*~tactically~*~*~ (stealth).
  8554 | Lair:2   | 8554 ||| INVOKING Heroism.
  8607 | Lair:2   | Reached skill level 6 in Shields
  8672 | Lair:2   | 8672 ||| DROPPING +1 robe "Wonouzxe" {rC++ Str+2}.
  8673 | Lair:2   | 8673 ||| UPGRADING to +8 plate armour of the Snail {Dex+4}.
  8683 | Lair:2   | 8683 ||| DROPPING +0 chain mail.
  8684 | Lair:2   | 8684 ||| DROPPING +1 robe of resistance.
  8696 | Lair:3   | Noticed a six-headed hydra
  8697 | Lair:3   | 8697 ||| INVOKING Heroism.
  8704 | Lair:3   | Killed a four-headed hydra
  8761 | Lair:3   | 8761 ||| INVOKING Heroism.
  8822 | Lair:3   | 8822 ||| Stepping ~*~*~tactically~*~*~ (stealth).
  8824 | Lair:3   | 8824 ||| INVOKING Heroism.
  8870 | Lair:3   | Reached skill level 9 in Armour
  8893 | Lair:3   | 8893 ||| INVOKING Heroism.
  8909 | Lair:3   | 8909 ||| INVOKING Heroism.
  8920 | Lair:3   | Received a gift from Okawaru
  8928 | Lair:3   | Found a dark tunnel.
  9252 | Lair:3   | Found a hole to the Spider Nest.
  9369 | Lair:3   | 9369 ||| DROPPING scarf of harm.
  9405 | Lair:4   | 9405 ||| STAIRDANCE
  9413 | Lair:4   | 9413 ||| STAIRDANCE
  9468 | Lair:4   | Identified the +5 plate armour of the Indestructible God
                  | {Slay+3} (Okawaru gifted it to you on level 4 of the Lair
                  | of Beasts)
  9468 | Lair:4   | Received a gift from Okawaru
  9529 | Lair:4   | 9529 ||| INVOKING Heroism.
  9546 | Lair:4   | Reached XP level 13. HP: 82/82 MP: 20/20
  9547 | Lair:4   | Reached skill level 13 in Axes
  9551 | Lair:4   | Reached skill level 3 in Dodging
  9554 | Lair:4   | Reached ****** piety under Okawaru
  9627 | Lair:4   | 9627 ||| INVOKING Heroism.
  9628 | Lair:4   | 9628 ||| INVOKING Finesse.
  9683 | Lair:4   | 9683 ||| INVOKING Finesse.
  9688 | Lair:4   | 9688 ||| INVOKING Heroism.
  9774 | Lair:4   | 9774 ||| Stepping ~*~*~tactically~*~*~ (stealth).
  9805 | Lair:4   | 9805 ||| INVOKING Heroism.
  9922 | Lair:4   | 9922 ||| READING scroll of brand weapon.
  9922 | Lair:4   | 9922 ||| BRANDING +2 war axe of flaming.
  9949 | Lair:4   | Reached skill level 14 in Axes
 10048 | Lair:4   | 10048 ||| INVOKING Heroism.
 10300 | Lair:4   | 10300 ||| INVOKING Heroism.
 10321 | Lair:4   | 10321 ||| Stepping ~*~*~tactically~*~*~ (water).
 10687 | Lair:5   | Entered Level 5 of the Lair of Beasts
 10688 | Lair:5   | 10688 ||| INVOKING Heroism.
 10691 | Lair:5   | 10691 ||| STAIRDANCE
 10719 | Lair:5   | 10719 ||| STAIRDANCE
 10726 | Lair:4   | Received a gift from Okawaru
 10750 | Lair:5   | 10750 ||| INVOKING Heroism.
 10791 | Lair:5   | 10791 ||| INVOKING Finesse.
 10792 | Lair:5   | 10792 ||| SWAPPING to +0 club.
 10794 | Lair:5   | 10794 ||| INVOKING Heroism.
 10802 | Lair:5   | 10802 ||| Stepping ~*~*~tactically~*~*~ (water).
 10810 | Lair:5   | HP: 19/82 [eight-headed hydra (5)]
 10811 | Lair:5   | 10811 ||| DRINKING potion of heal wounds.
 10818 | Lair:5   | HP: 9/82 [eight-headed hydra (8)]
 10821 | Lair:5   | Slain by an eight-headed hydra

Levels and vault maps discovered:
D:1:      dpeg_arrival_short_road, layout_basic, shapermc_ecumenical_altar_petra
D:2:      layout_rooms
D:3:      layout_basic, serial_shops, shop, uniq_sigmund
D:4:      layout_loops_ring, minmay_temple_entry_waves, serial_shops,
          nicolae_stop_n_shop_1
D:5:      layout_loops_ring, fiery_altar_vehumet, serial_shops, shop_scrolls,
          minmay_increasing_density, uniq_edmund, uniq_ijyb, uniq_blork_the_orc
D:6:      wad_pebble_path, layout_loops_corners, serial_shops, shop,
          dk_noncrumbling_3, nicolae_wooded_promenade, nrook_mini_backslash,
          dreamdust_gnoll_farm
D:7:      layout_cave_pools, fedhas_altar_1, gammafunk_temple_overflow_elements,
          kennysheep_generic_room_2
D:8:      layout_gridville, mainiacjoe_overflow_paths, lair_entry_dummy,
          kb_rosetta, uniq_gastronok, uniq_maggie, uniq_joseph
Temple:   nicolae_temple_bog_church
Lair:1:   layout_concentric_octagons, serial_bayou_shore_a,
          infiniplex_staircase_pool
Lair:2:   layout_long_grid, minmay_swamp_entry_reptiles, special_room
          [special_room_bee], grunt_megastairs_1
Lair:3:   wander_river, layout_loops_ring, spider_nest_entry_web_field,
          nicolae_volcano_entry_lava_flow
Lair:4:   pond_and_an_island_with_a_cottage, layout_cave_pods,
          chequers_serial_rivers_micro_b
Lair:5:   minmay_lair_end_frog_pond, layout_regular_city,
          minmay_slime_entry_pillars

Skill      XL: |  1  2  3  4  5  6  7  8  9 10 11 12 13 |
---------------+----------------------------------------+-----
Axes           | 2 3 4 5 6 7 8 9 10 11 12 14 | 14.0
Throwing       | 1 3 4 |  4.7
Fighting       | 4 6 7 8 9 10 | 10.2
Dodging        | 1 2 3 |  3.0
Invocations    | 2 4 8 10 | 10.0
Armour         | 4 5 6 9 10 | 10.0
Shields        | 4 5 6 |  6.7

Action                   |  1- 3 |  4- 6 |  7- 9 | 10-12 | 13-15 || total
-------------------------+-------+-------+-------+-------+-------++-------
Melee: War axe           |    94 |    96 |   176 |   471 |   192 ||  1029
       Headbutt          |       |    13 |    34 |    98 |    59 ||   204
       Club              |       |       |       |       |    26 ||    26
Throw: Javelin           |    15 |    10 |       |    30 |     2 ||    57
       Boomerang         |       |    20 |    36 |    48 |       ||   104
Invok: Heroism           |       |       |     9 |    18 |     8 ||    35
       Finesse           |       |       |       |       |     3 ||     3
  Use: Scroll            |     6 |     9 |     4 |     9 |     1 ||    29
       Potion            |       |     4 |       |     1 |     1 ||     6
Armor: Scale mail        |    54 |    46 |    50 |       |       ||   150
       Chain mail        |       |       |    43 |   246 |       ||   289
       Plate armour      |       |       |       |    78 |   167 ||   245
Dodge: Dodged            |    46 |    47 |    70 |   181 |    94 ||   438
Block: Buckler           |    16 |    11 |    33 |   119 |    62 ||   241

Table legend:
 A = Non-vault XP
 B = Vault XP
 C = Vault XP percentage of total XP
 D = Non-vault monster count
 E = Vault monster count
 F = Vault count percentage of total count
                 A         B        C        D         E       F
            +---------+---------+-------+---------+---------+-------
      Total |   33549 |   12466 |  27.1 |     236 |      62 |  20.8
            +---------+---------+-------+---------+---------+-------
        D:1 |      13 |       0 |   0.0 |      10 |       0 |   0.0
        D:2 |      84 |       0 |   0.0 |      21 |       0 |   0.0
        D:3 |      77 |     214 |  73.5 |      16 |       1 |   5.9
        D:4 |     192 |       0 |   0.0 |      22 |       0 |   0.0
        D:5 |     607 |     673 |  52.6 |      16 |       8 |  33.3
        D:6 |    1941 |     117 |   5.7 |      17 |       6 |  26.1
        D:7 |     690 |     600 |  46.5 |      14 |       2 |  12.5
        D:8 |     258 |    5130 |  95.2 |       7 |       7 |  50.0
     Lair:1 |    2471 |       0 |   0.0 |      15 |       0 |   0.0
     Lair:2 |    6077 |    3588 |  37.1 |      34 |      29 |  46.0
     Lair:3 |    7521 |       0 |   0.0 |      29 |       0 |   0.0
     Lair:4 |   13168 |    1218 |   8.5 |      34 |       5 |  12.8
     Lair:5 |     450 |     926 |  67.3 |       1 |       4 |  80.0
            +---------+---------+-------+---------+---------+-------
